 Dungeon Crawl Stone Soup version 0.25-a0-668-gea548f19b6 (webtiles) character file.

Game seed: 10770509931151899443, levelgen mode: deterministic

813685 Hartz the Metallomancer (level 27, -26/184 HPs)
             Began as a Gargoyle Earth Elementalist on Mar 27, 2020.
             Was the Champion of Vehumet.
             Killed from afar by an iron giant (53 damage)
             ... with an iron shot
             ... on level 26 of a ziggurat on Mar 28, 2020.
             The game lasted 04:55:08 (74611 turns).

Hartz the Metallomancer (GrEE)                     Turns: 74611, Time: 04:55:09

Health: -26/184    AC: 41    Str:  7    XL:     27
Magic:  55/55      EV: 22    Int: 29    God:    Vehumet [******]
Gold:   7599       SH:  0    Dex: 12    Spells: 11/65 levels left

rFire    + + +     SeeInvis +   k - +9 demon whip (elec)
rCold    + + .     Gourm    +   (no shield)
rNeg     + . .     Faith    .   x - +5 steam dragon scales
rPois    ∞         Spirit   .   y - +2 helmet {SInv}
rElec    +         Reflect  .   D - +2 cloak {MR+}
rCorr    .         Harm     .   o - +2 pair of gloves
MR       +++..     Clarity  +   M - +2 pair of boots
Stlth    ++........             I - amulet of the gourmand
HPRegen  0.40/turn              c - ring of Kindness {rElec rF+++ EV+1 Str-2}
MPRegen  0.34/turn              v - ring "Nut Veng" {rElec rC++ MP+9 Str-5 Int+4}

@: corroded, flying, slowed, studying Shields, very slow
A: big wings, agile 1, clarity, negative energy resistance 1, electricity
resistance, weak 1, unbreathing, petrification resistance, rot immunity, AC +20
}: 4/15 runes: decaying, slimy, silver, gossamer
a: Stop Flying, Renounce Religion


You were on level 26 of a ziggurat.
You worshipped Vehumet.
Vehumet was exalted by your worship.
You were not hungry.

You visited 11 branches of the dungeon, and saw 53 of its levels.
You visited 1 bazaar.
You visited 1 ziggurat, and saw 26 of its levels.
You also visited: Ice Cave, Volcano and Wizlab.

You collected 12332 gold pieces.
You spent 4733 gold pieces at shops.

Inventory:

Hand Weapons
 e - a +9 vampiric eveningstar
 k - a +9 demon whip of electrocution (weapon)
 L - a +9 sacred scourge of holy wrath
 O - the +7 sceptre of Torment {pain, torment}
   (You found it on level 25 of a ziggurat)

   In the hands of one skilled in necromantic magic, it inflicts extra damage on
   living creatures.
Missiles
 P - 8 throwing nets (quivered)
Armour
 o - a +2 pair of gloves (worn)
 p - the +2 robe of Impatience {Slay+5}
   (You found it on level 4 of a ziggurat)

   It affects your accuracy and damage with ranged weapons and melee attacks
   (+5).
 x - +5 steam dragon scales (worn)
 y - a +2 helmet of see invisible (worn)
 D - a +2 cloak of magic resistance (worn)
 M - a +2 pair of boots (worn)
Jewellery
 c - the ring of Kindness (left hand) {rElec rF+++ EV+1 Str-2}
   (You found it on level 15 of a ziggurat)

   [ring of evasion]

   It affects your evasion (+1).
   It affects your strength (-2).
   It renders you almost immune to fire.
   It insulates you from electricity.
 n - an uncursed ring of wizardry
 q - the ring of Phasing {EV+8}
   (You found it on level 23 of a ziggurat)

   [ring of evasion]

   It affects your evasion (+8).
 r - the ring of Gaminis {rF+ rCorr}
   (You found it on level 5 of a ziggurat)

   [ring of resist corrosion]

   It protects you from fire.
   It provides partial protection from all sources of acid and corrosion.
 t - the ring "Eschin" {*Slow +Inv rElec rF+ Dex-4}
   (You took it off a deep elf high priest on level 3 of the Elven Halls)

   [ring of protection from fire]

   It affects your dexterity (-4).
   It protects you from fire.
   It insulates you from electricity.
   It lets you turn invisible.
   It may slow you when you take damage.
 v - the ring "Nut Veng" (right hand) {rElec rC++ MP+9 Str-5 Int+4}
   (You found it on level 11 of the Dungeon)

   [ring of magical power]

   It affects your strength (-5).
   It affects your intelligence (+4).
   It greatly protects you from cold.
   It insulates you from electricity.
   It affects your magic capacity (+9).
 I - an amulet of the gourmand (around neck)
 X - a +5 ring of intelligence
Wands
 a - a wand of scattershot (4)
 g - a wand of disintegration (45)
 J - a wand of acid (39)
 U - a wand of clouds (18)
 Y - a wand of iceblast (35)
Scrolls
 b - 4 scrolls of enchant weapon
 f - 48 scrolls of remove curse
 m - 15 scrolls of teleportation
 s - 5 scrolls of enchant armour
 w - 7 scrolls of immolation
 C - 5 scrolls of holy word
 N - 8 scrolls of amnesia
 Q - 30 scrolls of identify
 S - 13 scrolls of fog
 V - 4 scrolls of summoning
 Z - 5 scrolls of magic mapping
Potions
 h - 12 potions of stabbing
 i - a potion of brilliance
 j - 2 potions of ambrosia
 l - 4 potions of cancellation
 A - 4 potions of berserk rage
 B - 8 potions of haste
 E - 6 potions of heal wounds
 F - 15 potions of mutation
 G - 13 potions of might
 H - 24 potions of curing
 K - a potion of magic
Books
 u - a manual of Shields
Miscellaneous
 z - 5 phantom mirrors
 R - a phial of floods
 T - 10 boxes of beasts
 W - a lamp of fire
Comestibles
 d - 44 rations


   Skills:
 - Level 21.6 Fighting
 - Level 16.0 Maces & Flails
 - Level 6.0 Armour
 - Level 15.0 Dodging
 - Level 2.1 Stealth
 - Level 2.0 Unarmed Combat
 - Level 19.5 Spellcasting
 - Level 20.0 Conjurations
 + Level 19.2 Necromancy
 - Level 8.0 Transmutations
 - Level 22.0 Fire Magic
 - Level 24.0 Earth Magic
 - Level 6.0 Evocations


You had 11 spell levels left.
You knew the following spells:

 Your Spells              Type           Power        Failure   Level  Hunger
a - Shatter               Erth           ########..   2%          9    #######
b - Stone Arrow           Conj/Erth      ######       0%          3    None
c - Lee's Rapid Deconstr  Erth           ########..   0%          5    None
d - Iron Shot             Conj/Erth      ########..   1%          6    None
f - Starburst             Conj/Fire      ########..   1%          6    None
g - Ignition              Fire           ########..   1%          8    #####..
h - Necromutation         Tmut/Necr      #######...   34%         8    #####..
i - Fire Storm            Conj/Fire      ########..   7%          9    #######

Your spell library contained the following spells:

 Spells                   Type           Power        Failure   Level  Hunger
 Glaciate                 Conj/Ice       ######....   99%         9    #######
 Animate Skeleton         Necr           N/A          0%          1    None
 Foxfire                  Conj/Fire      ####         0%          1    None
 Magic Dart               Conj           ####         0%          1    None
 Pain                     Necr           ####         0%          1    None
 Sandblast                Erth           ######       0%          1    None
 Shock                    Conj/Air       ####         0%          1    None
 Passwall                 Tmut/Erth      #######.     0%          2    None
 Searing Ray              Conj           ######       0%          2    None
 Conjure Flame            Conj/Fire      ########     0%          3    None
 Vampiric Draining        Necr           #######...   0%          3    None
 Animate Dead             Necr           N/A          0%          4    None
 Dispel Undead            Necr           #######.     0%          4    None
 Sticky Flame             Conj/Fire      ########     0%          4    None
 Agony                    Necr           #######.     0%          5    None
 Bolt of Magma            Conj/Fire/Erth ########..   0%          5    None
 Borgnjor's Vile Clutch   Necr/Erth      ########..   0%          5    None
 Fireball                 Conj/Fire      ########..   0%          5    None
 Apportation              Tloc           ####..       1%          1    None
 Beastly Appendage        Tmut           ######       1%          1    None
 Corona                   Hex            ####...      1%          1    None
 Freeze                   Ice            ####         1%          1    None
 Infusion                 Chrm           ####         1%          1    None
 Sting                    Tmut/Pois      ####         1%          1    None
 Summon Butterflies       Summ           ####....     1%          1    None
 Summon Small Mammal      Summ           ####         1%          1    None
 Corpse Rot               Necr/Air       N/A          1%          2    None
 Sticks to Snakes         Tmut           ######..     1%          2    None
 Dazzling Flash           Conj/Hex       ######       1%          3    None
 Frozen Ramparts          Ice            ####..       1%          3    None
 Ignite Poison            Fire/Tmut/Pois ######..     1%          3    None
 Inner Flame              Hex/Fire       #######.     1%          3    None
 Mephitic Cloud           Conj/Pois/Air  ######..     1%          3    None
 Spider Form              Tmut/Pois      ######....   1%          3    None
 Static Discharge         Conj/Air       ######..     1%          3    None
 Fulminant Prism          Conj/Hex       ######....   1%          4    None
 Hailstorm                Conj/Ice       ######..     1%          4    None
 Iskenderun's Mystic Bla  Conj/Tloc      ######..     1%          4    None
 Leda's Liquefaction      Hex/Erth       #######...   1%          4    None
 Petrify                  Tmut/Erth      #######.     1%          4    None
 Blade Hands              Tmut           ######....   1%          5    None
 Excruciating Wounds      Chrm/Necr      ######....   1%          5    None
 Irradiate                Conj/Tmut      #######...   1%          5    None
 Iskenderun's Battlesphe  Conj/Chrm      ######..     1%          5    None
 Lightning Bolt           Conj/Air       ######....   1%          5    None
 Death Channel            Necr           #######...   1%          6    None
 Orb of Destruction       Conj           #######...   1%          7    ####...
 Call Imp                 Summ           ####....     2%          2    None
 Ensorcelled Hibernation  Hex/Ice        ####..       2%          2    None
 Poisonous Vapours        Pois/Air       ####..       2%          2    None
 Shroud of Golubria       Chrm/Tloc      ####..       2%          2    None
 Slow                     Hex            ####....     2%          2    None
 Song of Slaying          Chrm           ####....     2%          2    None
 Swiftness                Chrm/Air       ####....     2%          2    None
 Ice Form                 Ice/Tmut       ######..     2%          4    None
 Yara's Violent Unravell  Hex/Tmut       ######....   2%          5    None
 Borgnjor's Revivificati  Necr           #######...   3%          8    #####..
 Infestation              Necr           #######...   3%          8    #####..
 Call Canine Familiar     Summ           ####....     4%          3    None
 Confusing Touch          Hex            ####....     4%          3    None
 Gell's Gravitas          Tloc           ####......   4%          3    None
 Lesser Beckoning         Tloc           ####......   4%          3    None
 Ozocubu's Armour         Chrm/Ice       ####....     4%          3    None
 Portal Projectile        Hex/Tloc       ####..       4%          3    None
 Recall                   Summ/Tloc      N/A          4%          3    None
 Spectral Weapon          Hex/Chrm       ####....     4%          3    None
 Summon Guardian Golem    Hex/Summ       ####....     4%          3    None
 Tukima's Dance           Hex            ####....     4%          3    None
 Airstrike                Air            ####......   4%          4    None
 Olgreb's Toxic Radiance  Pois           ####....     4%          4    None
 Freezing Cloud           Conj/Ice/Air   ######....   4%          6    None
 Simulacrum               Ice/Necr       ######....   4%          6    None
 Spellforged Servitor     Conj/Summ      ######....   5%          7    ####...
 Alistair's Intoxication  Tmut/Pois      ######..     8%          5    None
 Hydra Form               Tmut           ######....   9%          6    None
 Ring of Flames           Chrm/Fire      #######...   13%         7    ####...
 Cause Fear               Hex            ####......   14%         4    None
 Passage of Golubria      Tloc           N/A          14%         4    None
 Summon Ice Beast         Ice/Summ       ####....     14%         4    None
 Summon Lightning Spire   Summ/Air       ####....     14%         4    None
 Haunt                    Necr/Summ      ######....   24%         7    ####...
 Aura of Abjuration       Summ           ####......   36%         5    None
 Metabolic Englaciation   Hex/Ice        ####......   36%         5    None
 Silence                  Hex/Air        ####......   36%         5    None
 Summon Demon             Summ           ####......   36%         5    None
 Summon Forest            Summ/Tloc      ####......   36%         5    None
 Summon Mana Viper        Hex/Summ       ####....     36%         5    None
 Eringya's Noxious Bog    Tmut/Pois      ######....   38%         6    None
 Dragon Form              Tmut           ######....   41%         7    ####...
 Ozocubu's Refrigeration  Ice            ####......   45%         6    None
 Death's Door             Chrm/Necr      ######....   88%         8    #####..
 Darkness                 Hex            ####......   91%         6    None
 Deflect Missiles         Chrm/Air       ####......   91%         6    None
 Dispersal                Tloc           ####......   91%         6    None
 Invisibility             Hex            ####....     91%         6    None
 Shadow Creatures         Summ           N/A          91%         6    None
 Malign Gateway           Summ/Tloc      ####......   100%        7    ####...
 Summon Hydra             Summ           ####......   100%        7    ####...
 Controlled Blink         Tloc           N/A          100%        8    #####..
 Discord                  Hex            ####......   100%        8    #####..
 Disjunction              Tloc           ####......   100%        8    #####..
 Dragon's Call            Summ           ####......   100%        9    #######
 Sublimation of Blood     Necr           Unusable     N/A         2    N/A
 Statue Form              Tmut/Erth      Unusable     N/A         6    N/A

Dungeon Overview and Level Annotations

Branches:
Dungeon (15/15)            Temple (1/1) D:5            Lair (6/6) D:8
  Swamp (4/4) Lair:2       Spider (4/4) Lair:4        Slime (5/5) Lair:5
    Orc (2/2) D:12            Elf (3/3) Orc:2        Vaults (5/5) D:14
  Crypt (3/3) Vaults:2       Tomb (0/3) Crypt:3      Depths (5/5) D:15
    Zot (0/5) Depths:5      IceCv (visited)         Volcano (visited)
 WizLab (visited)

Altars:
Ashenzari
Cheibriados
Dithmenos
Elyvilon
Fedhas
Gozag
Hepliaklqana
Kikubaaqudgha
Makhleb
Nemelex Xobeh
Okawaru
Qazlal
Ru
Sif Muna
Trog
Uskayaw
Vehumet
Wu Jian
Xom
Yredelemnul
Zin
The Shining One

Shops:
D:9 *   D:13 *   Orc:2 [?:!   Elf:1 =   Elf:2 :   Vaults:5 :   Depths:1 *
Depths:4 ***%?   Depths:5 ==}[

Portals:
Hell: Depths:1 Depths:2 Depths:3 Depths:4 Depths:5
Abyss: Depths:4
Pandemonium: Orc:2 Depths:2 Depths:3
Trove: Elf:2 (give 13 potions of heal wounds)

Annotations:
Elf:2 5 runed translucent doors
Vaults:4 1 runed translucent door, skelma's ghost, adept DrIE
Crypt:2 1 runed translucent door, Util's ghost, veteran MiBe
Crypt:3 exclusion: 5 doors


Innate Abilities, Weirdness & Mutations

You are resistant to torment.
Your stone body is resilient. (AC +20)
You are immune to poison.
Your large and strong wings let you fly indefinitely.
You resist negative energy. (rN+)
You are resistant to electric shocks. (rElec)
You can survive without breathing.
You are immune to petrification.
You are immune to rotting.
You are agile. (Dex +2)
You possess an exceptional clarity of mind.
You are weak. (Str -2)


Message History

The iron dragon barely misses you.
The iron dragon claws you but does no damage.
The iron dragon tramples you.
* * * LOW HITPOINT WARNING * * *
You hold your ground!
The iron giant hits you but does no damage.
An iron golem comes into view.
The iron giant throws the caustic shrike at you!
* * * LOW HITPOINT WARNING * * *
The caustic shrike closely misses you.
A torpor snail comes into view.
An iron dragon comes into view.
An iron giant comes into view. It is wielding a +0 giant club.
The Hell Sentinel completely misses you.
The Hell Sentinel hits you but does no damage.
The Hell Sentinel misses you.
The Hell Sentinel hits you but does no damage.
The caustic shrike claws you but does no damage.
The iron giant gestures at you while chanting.
The iron shot hits you!!!
You die...

..............
9wE....C.........bb.....
8(..w.8.................
()......................
D[†C1.C)................
)(...C......(...........
[w†.)1(Cb...............
).....1CCC...(.........▓
▓.....b@).............▓▓
▓▓....b1D........88..▓▓
▓▓..........(...88.▓▓
▓▓...........
▓▓.......... ▓▓▓▓▓▓▓▓▓▓▓


You could see 8 iron giants, 4 Hell Sentinels, an iron golem, 2 iron dragons, 3
caustic shrikes, a crystal guardian, 3 torpor snails, an earth elemental and a
gargoyle.

Vanquished Creatures
  the Royal Jelly (Slime:5)
  Mennas (Vaults:5)
  Mara (Spider:4)
  An ancient lich (Crypt:3)
  11 juggernauts
  12 greater mummies
  Xtahua (Crypt:1)
  4 golden dragons
  A profane servitor (Zig:20)
  2 caustic shrikes (Zig:26)
  A pandemonium lord (Zig:12)
  6 bone dragons
  11 pearl dragons (Zig:25)
  A Tzitzimitl (Zig:12)
  12 liches
  A Brimstone Fiend (Zig:12)
  2 hellephants
  2 tentacled monstrosities
  Jorgrun (Orc:1)
  3 Ice Fiends
  3 deep elf blademasters
  5 titans
  A quicksilver dragon (shapeshifter) (Depths:3)
  A deep elf master archer (Depths:3)
  6 quicksilver dragons
  34 acid blobs
  10 ancient champions
  Gastronok (Lair:2)
  2 Executioners (Zig:12)
  6 tentacled starspawn
  9 shadow dragons
  9 thorn hunters
  10 sphinxes
  19 tengu reavers
  4 revenants
  6 storm dragons
  An azure jelly (shapeshifter) (Vaults:5)
  16 azure jellies
  Roxanne (Spider:3)
  22 nagarajas (Zig:24)
  13 fire giants
  6 daevas (Zig:25)
  13 deep elf sorcerers
  22 vault wardens
  A caustic shrike zombie (Zig:17)
  11 iron dragons
  A juggernaut zombie (Zig:19)
  14 frost giants
  10 orc warlords
  8 curse skulls
  A black sun (Zig:12)
  A ghost moth (Spider:4)
  4 emperor scorpions
  A deep elf elementalist (Elf:3)
  13 ironheart preservers
  2 draconian stormcallers
  5 ghouls
  2 corrupters
  13 war gargoyles
  7 reapers
  2 draconian shifters
  A blood saint (Zig:12)
  2 spriggan defenders
  33 very ugly things
  13 angels (Zig:25)
  8 deep elf demonologists
  An entropy weaver (shapeshifter) (Zig:13)
  A bennu (Zig:21)
  11 entropy weavers
  15 vampire knights
  32 stone giants
  9 ophanim (Zig:25)
  11 apis (Zig:25)
  A black draconian (Depths:5)
  A red draconian (Depths:5)
  A white draconian (Depths:5)
  13 deep elf annihilators
  4 orange crystal statues
  14 spark wasps
  An ettin (shapeshifter) (Vaults:5)
  3 yellow draconians
  2 purple draconians
  4 crystal guardians
  21 ettins
  5 eidola
  8 deep elf death magi
  Snorg (Orc:2)
  A blizzard demon (Zig:12)
  11 fire dragons
  5 green deaths
  Josephine (D:11)
  9 mummy priests
  5 death oozes
  A jiangshi (Zig:14)
  A hell beast (Zig:12)
  8 deep elf high priests
  12 yaktaur captains
  Harold (Orc:1)
  A monstrous demonspawn (Zig:12)
  33 vault guards
  4 naga warriors (Zig:24)
  13 great orbs of eyes
  20 hydras
  12 ice dragons
  2 juggernaut simulacra (Depths:3)
  5 rakshasas
  6 ghost crabs
  4 anacondas (Zig:24)
  10 shambling mangroves
  11 centaur warriors
  13 alligators
  A death knight (Zig:13)
  3 spriggan air magi
  33 two-headed ogres
  Erica (Lair:2)
  A catoblepas (Zig:6)
  14 death scarabs
  6 deep troll shamans
  24 orc high priests
  10 death yaks
  A queen ant (Spider:1)
  11 ogre magi
  5 hell hogs
  7 naga sharpshooters (Zig:24)
  23 dancing weapons
  13 deep troll earth magi
  5 vampire magi
  3 shock serpents (Zig:24)
  4 spriggan berserkers
  7 tengu warriors
  Sonja (D:13)
  2 storm dragon zombies
  3 thrashing horrors
  Nergalle (Lair:3)
  4 soul eaters
  8 wretched stars
  3 iron trolls
  3 fire crabs (shapeshifter)
  5 shadow wraiths
  2 salamander mystics
  20 deep elf knights
  A sixfirhy (Zig:18)
  4 iron golems (Zig:26)
  A spark wasp zombie (Crypt:3)
  3 golden dragon zombies
  8 cherubim (Zig:25)
  19 hell knights
  3 death drakes
  29 skeletal warriors
  24 deep trolls
  A torturous demonspawn (Orc:2)
  4 spatial maelstroms (Zig:18)
  A spriggan druid (Zig:10)
  An obsidian statue (Zig:13)
  An unseen horror (D:12)
  2 spectral hydras (Swamp:2)
  7 flayed ghosts
  18 swamp dragons
  2 golden dragon skeletons
  A gelid demonspawn (Orc:2)
  7 glowing orange brains
  3 wizards
  22 deep elf archers
  A harpy (shapeshifter) (Depths:4)
  4 harpies (Vaults:3)
  4 shadow dragon zombies
  4 spectral wolf spiders (Spider:4)
  Pikel (D:6)
  6 necromancers
  17 orc knights
  2 sphinx zombies
  A tengu zombie (Zig:17)
  77 deep elf magi
  14 phantasmal warriors
  23 orb spiders
  3 wolf spider zombies (Spider:4)
  3 naga ritualists (Zig:24)
  12 ironbrand convokers
  10 orc sorcerers
  A lindwurm (shapeshifter) (Vaults:4)
  An orb spider (shapeshifter) (Vaults:2)
  2 tengu skeletons
  A cyclops (shapeshifter) (Vaults:5)
  4 oklob plants (Lair:3)
  46 ugly things
  10 cyclopes
  An iron dragon zombie (Zig:19)
  3 worldbinders (Zig:20)
  A faun (shapeshifter) (Depths:3)
  2 shining eyes (shapeshifter)
  6 salamanders
  40 wolf spiders
  3 mana vipers
  10 large abominations
  A manticore (shapeshifter) (Zig:11)
  A stone giant skeleton (Crypt:3)
  5 moths of wrath
  A wolf spider (shapeshifter) (Zig:13)
  A guardian serpent (shapeshifter) (Depths:4)
  A sphinx skeleton (Crypt:2)
  7 elephants (Lair:6)
  10 shining eyes
  5 guardian serpents
  2 moths of wrath (shapeshifter)
  17 vault sentinels
  2 ice statues
  An eye of devastation (Slime:4)
  21 black mambas
  3 rust devils
  An eye of devastation (shapeshifter) (Depths:1)
  2 molten gargoyles (Volcano)
  10 gargoyles
  A manticore (D:11)
  5 naga magi
  11 torpor snails
  2 apocalypse crabs
  7 smoke demons
  4 centaur zombies
  Maggie (D:8)
  2 orange demons
  An alligator snapping turtle zombie (Crypt:1)
  29 spiny frogs
  10 freezing wraiths
  5 centaur skeletons
  2 hellions (Zig:17)
  3 efreet
  13 komodo dragons
  4 kobold demonologists
  A yaktaur (shapeshifter) (Vaults:5)
  4 ice devils (IceCv)
  6 swamp worm zombies (Swamp:2)
  3 redback zombies (Spider:4)
  54 yaktaurs
  4 spectral redbacks (Spider:4)
  9 rime drakes
  2 komodo dragons (shapeshifter)
  13 demonic crawlers
  4 ancient zymes
  A spriggan skeleton (D:15)
  5 tormentors
  5 anaconda simulacra (IceCv)
  17 guardian mummies
  A pale draconian skeleton (Crypt:1)
  A merfolk (shapeshifter) (Depths:1)
  A queen bee (Lair:2)
  2 sea snake skeletons (Crypt:2)
  10 tyrant leeches
  4 meliai
  A meliai (shapeshifter) (Vaults:1)
  A hornet (shapeshifter) (Vaults:3)
  5 tengu conjurers
  A wolf spider simulacrum (IceCv)
  33 jumping spiders
  12 trolls
  A spectral jumping spider (Spider:4)
  2 polar bears
  5 alligator zombies (Swamp:2)
  88 slime creatures
  2 trolls (shapeshifter)
  28 blink frogs
  2 hydra skeletons
  40 hornets
  A slime creature (shapeshifter) (Zig:13)
  5 spectral tarantellas (Spider:4)
  4 raiju
  A dream sheep (shapeshifter) (Zig:13)
  2 tarantella zombies (Spider:4)
  A fire dragon zombie (D:15)
  16 bog bodies
  9 dream sheep
  4 spectral swamp dragons (Swamp:2)
  11 flying skulls
  11 hippogriffs
  2 meliai zombies (D:15)
  A fire dragon skeleton (Crypt:2)
  A hog (shapeshifter) (D:13)
  7 air elementals
  An alligator skeleton (Crypt:1)
  10 shadows
  15 wraiths
  19 wyverns
  13 spriggans
  33 tarantellas
  2 ynoxinuls
  Eustachio (D:4)
  2 basilisks
  5 elf zombies
  3 hogs (D:7)
  4 ushabtiu (Zig:19)
  6 dire elephant simulacra
  A wind drake zombie (Crypt:2)
  94 redbacks
  A basilisk (shapeshifter) (Vaults:4)
  5 chaos spawn
  9 water elementals
  50 yaks
  A hungry ghost (D:15)
  A fire bat (shapeshifter) (Depths:5)
  A human (D:7)
  5 fire elementals
  4 golden eyes (Slime:4)
  5 neqoxecs
  An emperor scorpion simulacrum (Crypt:1)
  3 steam dragons
  14 vampire mosquitoes
  10 wargs
  2 harpy simulacra (IceCv)
  2 iron troll simulacra (IceCv)
  14 insubstantial wisps
  A merfolk zombie (Crypt:3)
  Edmund (D:5)
  A swamp worm (shapeshifter) (Depths:2)
  A soldier ant (shapeshifter) (Depths:3)
  4 acid dragons
  4 nagas (Zig:24)
  25 soldier ants (Spider:1)
  17 swamp worms
  12 hell hounds
  3 spiny frog zombies (Swamp:2)
  15 swamp drakes
  17 water moccasins
  14 porcupines
  65 orc warriors
  A slave (D:6)
  4 black bears
  6 eyes of draining
  A spiny frog skeleton (Crypt:3)
  An elf simulacrum (Zig:21)
  5 sky beasts
  4 ice beasts
  A snapping turtle zombie (Crypt:3)
  An ettin simulacrum (IceCv)
  4 phantoms
  A necrophage (Crypt:2)
  34 ogres
  9 wolves
  18 crocodiles
  22 centaurs
  14 boggarts
  4 big kobolds
  A rime drake skeleton (Crypt:2)
  5 small abominations
  16 bullfrogs
  A gnoll sergeant (Orc:1)
  12 earth elementals
  A salamander zombie (Crypt:1)
  A glowing shapeshifter simulacrum (Vaults:1)
  2 troll zombies
  Dowan (D:5)
  2 scorpions
  2 water moccasin skeletons (D:8)
  42 killer bees
  A swamp dragon simulacrum (IceCv)
  An elephant simulacrum (IceCv)
  A human simulacrum (Vaults:2)
  A killer bee (shapeshifter) (Depths:4)
  3 spriggan zombies
  23 wights
  2 howler monkeys
  A troll skeleton (Crypt:3)
  An electric eel (Spider:3)
  8 crimson imps
  A wolf skeleton (Crypt:1)
  A basilisk zombie (Crypt:3)
  A quasit (D:13)
  A draconian simulacrum (IceCv)
  An iron imp (Zig:17)
  20 starcursed masses
  5 bullfrog skeletons
  5 hounds
  A bullfrog zombie (D:6)
  A gnoll shaman (Zig:23)
  6 human zombies
  34 orc priests
  7 jellies
  30 orc wizards
  2 black bear skeletons (Crypt:3)
  2 human skeletons
  Ijyb (D:5)
  Natasha (thrice) (D:2)
  8 iguanas
  27 worker ants
  3 troll simulacra (IceCv)
  5 spriggan simulacra
  2 killer bee zombies
  2 wolf simulacra (IceCv)
  A hound zombie (D:9)
  A hound skeleton (Crypt:3)
  28 mummies
  A howler monkey zombie (Crypt:1)
  5 adders
  13 gnolls
  4 ogre simulacra (IceCv)
  A howler monkey skeleton (Crypt:3)
  4 naga simulacra (IceCv)
  A steam dragon skeleton (Crypt:1)
  A swamp drake skeleton (Crypt:2)
  4 shadow imps
  4 white imps
  2 ufetubi (IceCv)
  An iguana zombie (Crypt:3)
  An adder skeleton (D:7)
  3 worms
  A barachi skeleton (Crypt:1)
  2 dart slugs (D:1)
  6 leopard geckos
  94 orcs
  3 ball pythons
  9 bats
  4 giant cockroaches
  8 goblins
  6 hobgoblins
  5 jackals
  2 quokkas
  6 frilled lizards
  2 jackal skeletons
  17 kobolds
  An orc zombie (D:8)
  5 rats
  16 briar patches
  4 crawling corpses (Elf:3)
  12 fire vortices
  2 plants
  2 starspawn tentacles (Zig:20)
  A withered plant (D:15)
3357 creatures vanquished.

Vanquished Creatures (collateral kills)
  2 greater mummies (Zig:21)
  An azure jelly (Slime:2)
  Louise (Swamp:1)
  An apis (Zig:25)
  A death ooze (Slime:5)
  A titan zombie (Zig:17)
  A golden dragon zombie (Zig:17)
  A torturous demonspawn (Orc:2)
  A shining eye (Slime:5)
  A spiny frog (Swamp:1)
  2 guardian mummies (Zig:19)
  A slime creature (Slime:4)
  A spriggan (shapeshifter) (Depths:5)
  An ushabti (Zig:19)
  6 mummies
22 creatures vanquished.

Vanquished Creatures (others)
  2 deep elf magi
  A centaur skeleton (D:13)
  A hornet (Zig:10)
  3 water elementals (Depths:1)
  A swamp drake (Swamp:1)
  4 white imps (IceCv)
  6 ufetubi (IceCv)
  5 briar patches
  148 fire vortices
  18 fungi (Lair:6)
  36 plants
  2 starspawn tentacles (Zig:20)
  6 withered plants (Swamp:2)
233 creatures vanquished.

Grand Total: 3612 creatures vanquished

Notes
Turn   | Place    | Note
-------+----------+-------------------------------------------
     0 | D:1      | Hartz the Gargoyle Earth Elementalist began the quest for
                  | the Orb.
     0 | D:1      | Reached XP level 1. HP: 10/10 MP: 3/3
   123 | D:1      | Reached XP level 2. HP: 10/15 MP: 3/5
   124 | D:1      | Reached skill level 4 in Earth Magic
   950 | D:1      | Reached XP level 3. HP: 18/19 MP: 2/6
   964 | D:1      | Learned a level 3 spell: Stone Arrow
  1561 | D:2      | Found a glowing silver altar of Zin.
  1644 | D:2      | Noticed Natasha
  1651 | D:2      | Reached skill level 1 in Conjurations
  1661 | D:2      | Killed Natasha
  1661 | D:2      | Reached XP level 4. HP: 13/24 MP: 4/8
  1814 | D:2      | Found a shadowy altar of Dithmenos.
  2048 | D:2      | Noticed Natasha
  2057 | D:2      | Killed Natasha
  2057 | D:2      | Reached skill level 5 in Earth Magic
  2303 | D:2      | Noticed Natasha
  2319 | D:2      | Killed Natasha
  2319 | D:2      | Reached XP level 5. HP: 21/28 MP: 4/10
  2374 | D:2      | Learned a level 5 spell: Lee's Rapid Deconstruction
  2549 | D:2      | Found an opulent altar of Gozag.
  3043 | D:4      | Noticed a phantom
  3056 | D:4      | Killed a phantom
  3056 | D:4      | Reached XP level 6. HP: 32/32 MP: 0/11
  3114 | D:4      | Noticed Eustachio
  3138 | D:4      | Gained mutation: You are weak. (Str -2) [potion of
                  | mutation]
  3138 | D:4      | Gained mutation: Your mind is acute. (Int +2) [potion of
                  | mutation]
  3138 | D:4      | Gained mutation: Your flesh is cold resistant. (rC+)
                  | [potion of mutation]
  3144 | D:4      | Killed Eustachio
  3144 | D:4      | Reached skill level 6 in Earth Magic
  3241 | D:4      | Reached XP level 7. HP: 36/36 MP: 13/13
  3248 | D:4      | Lost mutation: You are weak. (Str -2) [potion of mutation]
  3248 | D:4      | Lost mutation: Your mind is acute. (Int +2) [potion of
                  | mutation]
  3248 | D:4      | Lost mutation: Your flesh is cold resistant. (rC+) [potion
                  | of mutation]
  3248 | D:4      | Gained mutation: You are agile. (Dex +2) [potion of
                  | mutation]
  3248 | D:4      | Gained mutation: You possess an exceptional clarity of
                  | mind. [potion of mutation]
  3798 | D:5      | Entered Level 5 of the Dungeon
  3870 | D:5      | Found a burning altar of Makhleb.
  3870 | D:5      | Found a shimmering altar of Xom.
  3872 | D:5      | Reached skill level 7 in Earth Magic
  3952 | D:5      | Reached skill level 5 in Spellcasting
  4003 | D:5      | Reached skill level 5 in Conjurations
  4003 | D:5      | Reached XP level 8. HP: 18/41 MP: 15/15
  4187 | D:5      | Noticed Ijyb
  4200 | D:5      | Killed Ijyb
  4320 | D:5      | Noticed Duvessa
  4322 | D:5      | Noticed Dowan
  4324 | D:5      | Noticed Duvessa
  4324 | D:5      | Duvessa changed into Duvessa the ice beast
  4326 | D:5      | Killed Duvessa the ice beast
  4326 | D:5      | Killed Dowan
  4442 | D:5      | Reached skill level 8 in Earth Magic
  4454 | D:5      | Found a staircase to the Ecumenical Temple.
  4476 | Temple   | Entered the Ecumenical Temple
  5013 | D:5      | Noticed Edmund
  5020 | D:5      | Killed Edmund
  5106 | D:6      | Found an opulent altar of Gozag.
  5117 | D:6      | Reached XP level 9. HP: 42/46 MP: 11/18
  5134 | D:6      | Reached skill level 1 in Fighting
  5134 | D:6      | Reached skill level 1 in Maces & Flails
  5134 | D:6      | Reached skill level 1 in Armour
  5168 | D:6      | You fall into a shaft and drop 2 floors!
  5300 | D:8      | Reached skill level 1 in Evocations
  5711 | D:8      | Found a basalt altar of Yredelemnul.
  5850 | D:8      | Noticed a death yak
  6249 | D:7      | Reached skill level 9 in Earth Magic
  6342 | D:7      | Learned a level 5 spell: Bolt of Magma
  6431 | D:6      | Reached XP level 10. HP: 56/56 MP: 19/19
  6440 | D:6      | Reached skill level 1 in Fire Magic
  6483 | D:6      | Found a radiant altar of Vehumet.
  6483 | D:6      | Found a hide-covered altar of Uskayaw.
  6484 | D:6      | Found a shadowy altar of Dithmenos.
  6494 | D:6      | Became a worshipper of Vehumet
  6501 | D:6      | Noticed Pikel
  6513 | D:6      | Killed Pikel
  6666 | D:6      | Upgraded the game from 0.25-a0-667-gb977e01cb5 to
                  | 0.25-a0-668-gea548f19b6
  6721 | D:6      | Learned a level 6 spell: Iron Shot
  7210 | D:7      | Reached * piety under Vehumet
  7210 | D:7      | Offered knowledge of Freeze by Vehumet.
  7861 | D:8      | Noticed Maggie
  7865 | D:8      | Killed Maggie
  7868 | D:8      | Noticed a death yak
  8065 | D:8      | Noticed a death yak
  8065 | D:8      | Noticed a death yak
  8065 | D:8      | Noticed a death yak
  8066 | D:8      | Noticed a death yak
  8083 | D:7      | Killed a death yak
  8083 | D:7      | Reached XP level 11. HP: 7/62 MP: 6/21
  8254 | D:8      | Killed a death yak
  8267 | D:8      | Found an ancient bone altar of Kikubaaqudgha.
  8283 | D:8      | Found a staircase to the Lair.
  8287 | D:8      | Killed a death yak
  8291 | D:8      | Killed a death yak
  8292 | D:8      | Killed a death yak
  8511 | D:8      | Noticed a two-headed ogre
  8516 | D:8      | Killed a two-headed ogre
  8516 | D:8      | Reached skill level 5 in Fighting
  8516 | D:8      | Reached skill level 5 in Fire Magic
  8516 | D:8      | Reached skill level 10 in Earth Magic
  8524 | D:8      | Noticed a deep elf mage
  8551 | D:8      | Killed a deep elf mage
  8551 | D:8      | Offered knowledge of Magic Dart by Vehumet.
  8551 | D:8      | Reached skill level 5 in Armour
  8842 | D:8      | Noticed a two-headed ogre
  8846 | D:8      | Killed a two-headed ogre
  8846 | D:8      | Reached ** piety under Vehumet
  9481 | D:9      | Found a shimmering altar of Xom.
  9665 | D:9      | Found Ceomn's Assorted Antiques.
  9682 | D:9      | Bought a scroll labeled VUDOAM FOQOTHRE for 31 gold pieces
  9682 | D:9      | Bought a scroll labeled NUREWN EZIPIT for 31 gold pieces
 10110 | D:10     | Entered Level 10 of the Dungeon
 10195 | D:10     | Found a basalt altar of Yredelemnul.
 10683 | D:11     | Offered knowledge of Frozen Ramparts by Vehumet.
 10688 | D:11     | Reached XP level 12. HP: 68/68 MP: 21/23
 10701 | D:11     | Noticed Josephine
 10704 | D:11     | Killed Josephine
 10704 | D:11     | Reached skill level 5 in Maces & Flails
 10976 | D:11     | Noticed a soul eater
 10987 | D:11     | Noticed a sun demon
 10994 | D:12     | Reached *** piety under Vehumet
 11541 | D:12     | Offered knowledge of Hailstorm by Vehumet.
 11801 | D:11     | Reached skill level 5 in Dodging
 11884 | D:11     | Reached skill level 5 in Evocations
 12072 | D:11     | Reached **** piety under Vehumet
 12214 | D:11     | Got a slimy lapis lazuli ring
 12215 | D:11     | Identified the ring "Nut Veng" {rElec rC++ MP+9 Str-5
                  | Int+4} (You found it on level 11 of the Dungeon)
 12280 | D:11     | Learned a level 3 spell: Mephitic Cloud
 12336 | D:11     | Offered knowledge of Ignite Poison by Vehumet.
 12849 | D:12     | Found the +6 lightning scales {run, rElec}
 12952 | D:12     | Reached XP level 13. HP: 69/76 MP: 23/25
 12961 | D:12     | Reached skill level 11 in Earth Magic
 13060 | D:12     | Found a staircase to the Orcish Mines.
 14115 | D:13     | Noticed Sonja
 14116 | D:13     | Killed Sonja
 14166 | D:13     | Found Julet's General Store.
 14457 | D:13     | Learned a level 5 spell: Fireball
 14768 | D:14     | Reached ***** piety under Vehumet
 14782 | D:13     | Offered knowledge of Conjure Ball Lightning by Vehumet.
 15408 | D:14     | Identified the +8 whip of the Original Sin {vorpal, Dex+2}
 15599 | D:14     | Noticed a vault guard
 15599 | D:14     | Noticed a vault guard
 15601 | D:14     | Noticed a vault guard
 15603 | D:14     | Noticed a vault guard
 15606 | D:14     | Killed a vault guard
 15606 | D:14     | Reached skill level 10 in Conjurations
 15843 | D:14     | Killed a vault guard
 16044 | D:14     | Killed a vault guard
 16044 | D:14     | Gained mutation: Your large and strong wings let you fly
                  | indefinitely. [Gargoyle growth]
 16044 | D:14     | Reached XP level 14. HP: 51/83 MP: 18/27
 16332 | D:14     | Found a gate to the Vaults.
 16676 | Lair:1   | Entered Level 1 of the Lair of Beasts
 16894 | Lair:1   | You are sucked into a shaft and drop 1 floor!
 16936 | Lair:2   | Noticed Erica
 16946 | Lair:2   | Killed Erica
 17195 | Lair:2   | Found a staircase to the Swamp.
 18409 | Lair:2   | Reached skill level 12 in Earth Magic
 18534 | Lair:2   | Noticed Gastronok
 18546 | Lair:2   | Killed Gastronok
 18546 | Lair:2   | Reached skill level 10 in Fire Magic
 19221 | Lair:3   | Offered knowledge of Fulminant Prism by Vehumet.
 19638 | Lair:3   | Noticed Nergalle
 19642 | Lair:3   | Killed Nergalle
 20285 | Lair:4   | Identified the cursed +0 cloak "Sumus" {Dex+4} (You found
                  | it on level 4 of the Lair of Beasts)
 20376 | Lair:4   | Identified the Disquisition on Flight and Beguiling
 20807 | Lair:4   | Found a hole to the Spider Nest.
 21121 | Lair:5   | Reached XP level 15. HP: 89/89 MP: 28/28
 21200 | Lair:5   | Found a staircase to the Slime Pits.
 21463 | Lair:5   | Offered knowledge of Ozocubu's Refrigeration by Vehumet.
 22347 | Lair:6   | Entered Level 6 of the Lair of Beasts
 22922 | Lair:6   | Reached skill level 10 in Spellcasting
 23593 | Lair:6   | Offered knowledge of Yara's Violent Unravelling by Vehumet.
 23819 | Lair:6   | Reached ****** piety under Vehumet
 24064 | Lair:6   | Reached skill level 13 in Earth Magic
 24186 | Lair:6   | Learned a level 6 spell: Starburst
 25352 | Orc:1    | Entered Level 1 of the Orcish Mines
 25376 | Orc:1    | Found a dark tunnel.
 25378 | Orc:1    | Noticed Jorgrun
 25383 | Volcano  | Entered a volcano
 25441 | Volcano  | Found a burning altar of Makhleb.
 25713 | Orc:1    | Reached XP level 16. HP: 84/97 MP: 18/30
 25713 | Orc:1    | Noticed Harold
 25718 | Orc:1    | Killed Jorgrun
 25728 | Orc:1    | Killed Harold
 25728 | Orc:1    | Reached skill level 10 in Fighting
 26192 | Orc:2    | Entered Level 2 of the Orcish Mines
 26217 | Orc:1    | Offered knowledge of Conjure Ball Lightning by Vehumet.
 26399 | Orc:2    | Found Ligot's Distillery.
 26659 | Orc:2    | Found Wigetaide's Magic Scroll Shoppe.
 26742 | Orc:2    | Bought a potion of curing for 42 gold pieces
 26742 | Orc:2    | Bought 2 potions of curing for 84 gold pieces
 26742 | Orc:2    | Bought 2 potions of curing for 84 gold pieces
 26742 | Orc:2    | Bought a potion of heal wounds for 70 gold pieces
 26742 | Orc:2    | Bought 2 potions of haste for 280 gold pieces
 26742 | Orc:2    | Bought a potion of might for 56 gold pieces
 26742 | Orc:2    | Bought a potion of invisibility for 112 gold pieces
 27337 | Orc:2    | Found a staircase to the Elven Halls.
 27877 | Orc:2    | Offered knowledge of Conjure Ball Lightning by Vehumet.
 28626 | Orc:2    | Noticed Snorg
 28631 | Orc:2    | Killed Snorg
 28988 | Orc:2    | Found Utorrot's Book Boutique.
 28988 | Orc:2    | Found Keutem's Antique Armour Shop.
 28988 | Orc:2    | Found a one-way gate leading to the halls of Pandemonium.
 29288 | Orc:2    | Bought a potion of might for 56 gold pieces
 29288 | Orc:2    | Bought a potion of brilliance for 56 gold pieces
 29288 | Orc:2    | Bought a potion of brilliance for 56 gold pieces
 29290 | Orc:2    | Bought a scroll of identify for 28 gold pieces
 29290 | Orc:2    | Bought a scroll of teleportation for 42 gold pieces
 29290 | Orc:2    | Bought 2 scrolls of identify for 56 gold pieces
 29290 | Orc:2    | Bought a scroll of identify for 28 gold pieces
 29290 | Orc:2    | Bought a scroll of identify for 28 gold pieces
 29433 | D:15     | Entered Level 15 of the Dungeon
 29928 | D:15     | Offered knowledge of Ozocubu's Refrigeration by Vehumet.
 30153 | D:15     | Found a staircase to the Depths.
 31045 | Swamp:1  | Entered Level 1 of the Swamp
 31183 | Swamp:1  | Found a stormy altar of Qazlal.
 31217 | Swamp:1  | Identified the +4 tower shield of Diruamuv {rC+}
 31217 | Swamp:1  | Noticed Louise
 31227 | Swamp:1  | Killed Louise
 31504 | Swamp:1  | Reached XP level 17. HP: 93/103 MP: 22/31
 31547 | Swamp:1  | Reached skill level 10 in Maces & Flails
 32574 | Swamp:2  | Reached skill level 14 in Earth Magic
 33655 | Swamp:2  | Offered knowledge of Fire Storm by Vehumet.
 33655 | Swamp:2  | Offered knowledge of Glaciate by Vehumet.
 33655 | Swamp:2  | Offered knowledge of Shatter by Vehumet.
 34532 | Swamp:3  | Learned a level 8 spell: Ignition
 35328 | Swamp:4  | Entered Level 4 of the Swamp
 35563 | Swamp:4  | Reached skill level 15 in Fire Magic
 35563 | Swamp:4  | Reached XP level 18. HP: 110/110 MP: 33/33
 35563 | Swamp:4  | Reached skill level 1 in Unarmed Combat
 35574 | Swamp:4  | Noticed a tentacled monstrosity
 35585 | Swamp:4  | Killed a tentacled monstrosity
 36000 | Swamp:4  | Got a decaying rune of Zot
 36541 | Spider:1 | Entered Level 1 of the Spider Nest
 38846 | Spider:3 | Reached XP level 19. HP: 89/116 MP: 34/34
 39057 | Spider:3 | Identified Roxanne's Incunabulum of Clay
 39057 | Spider:3 | Noticed Roxanne
 39062 | Spider:3 | Killed Roxanne
 39330 | Spider:4 | Entered Level 4 of the Spider Nest
 39336 | Spider:4 | Found a frozen archway.
 39340 | Spider:4 | Reached skill level 15 in Earth Magic
 39394 | IceCv    | Entered an ice cave
 39965 | IceCv    | Got a transparent amethyst amulet
 39966 | IceCv    | Identified the amulet "Tutuma" {Inacc rC+ Stlth+} (You
                  | found it in an ice cave)
 40077 | IceCv    | Noticed an Ice Fiend
 40078 | IceCv    | Killed an Ice Fiend
 40575 | Spider:4 | Reached skill level 10 in Dodging
 40794 | Spider:4 | Identified a scroll of acquirement
 41897 | Spider:4 | Noticed Mara
 41909 | Spider:4 | Noticed Hartz's illusion
 41909 | Spider:4 | Killed Mara
 42214 | Spider:4 | Reached XP level 20. HP: 106/124 MP: 36/36
 42259 | Spider:4 | Got a gossamer rune of Zot
 42614 | Elf:1    | Entered Level 1 of the Elven Halls
 43136 | Elf:1    | Found Zanokkoe's Jewellery Shop.
 44529 | Elf:2    | Found Mecaul's Book Emporium.
 44813 | Elf:2    | Found a huge runed translucent gate.
 44813 | Elf:2    | Found a huge runed translucent gate.
 44813 | Elf:2    | Found a huge runed translucent gate.
 44813 | Elf:2    | Found a huge runed translucent gate.
 44813 | Elf:2    | Found a huge runed translucent gate.
 44916 | Elf:2    | Found a portal to a secret trove of treasure.
 45058 | Elf:3    | Entered Level 3 of the Elven Halls
 45112 | Elf:3    | Found a radiant altar of Vehumet.
 45301 | Elf:3    | Reached skill level 16 in Earth Magic
 45901 | Elf:3    | Identified the ring of Esol {+Fly rF+ Slay-4 SInv}
 45911 | Elf:3    | Reached XP level 21. HP: 106/130 MP: 10/37
 46140 | Elf:3    | Identified the cursed +3 war axe of Prudence {vamp, *Rage
                  | rPois rF+ Dex+3}
 46152 | Elf:3    | Identified the +9 lajatang "Qokeid" {vorpal, Dex+3 SInv}
 46152 | Elf:3    | Identified the ring "Eschin" {*Slow +Inv rElec rF+ Dex-4}
 46675 | Elf:3    | Identified the +12 morningstar of Res Nullius {vorpal, rF+
                  | Int-4 Dex+3} (You found it on level 3 of the Elven Halls)
 46678 | Elf:3    | Identified the Guide on the Ashen Entourage
 46692 | Elf:3    | Identified the Disquisition on Evil Flames
 47743 | Elf:3    | Found a radiant altar of Vehumet.
 48049 | Vaults:1 | Entered Level 1 of the Vaults
 48105 | Vaults:1 | Found a flickering gateway to a bazaar.
 48123 | Bazaar   | Entered a bazaar
 48136 | Bazaar   | Found Zicrumn's Distillery.
 48136 | Bazaar   | Found Saippage's Antique Weapon Shoppe.
 48172 | Bazaar   | Found Jisy's Weapon Emporium.
 48172 | Bazaar   | Found Waul's Armour Emporium.
 48209 | Bazaar   | Bought a potion of brilliance for 32 gold pieces
 48209 | Bazaar   | Bought a potion of might for 32 gold pieces
 48209 | Bazaar   | Bought a potion of might for 32 gold pieces
 48209 | Bazaar   | Bought a potion of berserk rage for 40 gold pieces
 48209 | Bazaar   | Bought a potion of mutation for 64 gold pieces
 48209 | Bazaar   | Bought a potion of haste for 80 gold pieces
 48209 | Bazaar   | Bought a potion of cancellation for 64 gold pieces
 49146 | Vaults:1 | You are sucked into a shaft and drop 1 floor!
 50643 | Vaults:2 | Found a staircase to the Crypt.
 50941 | Vaults:3 | Reached skill level 15 in Conjurations
 51986 | Vaults:3 | Reached XP level 22. HP: 94/137 MP: 39/39
 52927 | Vaults:4 | Found a magical portal.
 53030 | WizLab   | Found the +9 staff of Wucad Mu {channel}
 53075 | WizLab   | Reached skill level 17 in Earth Magic
 53075 | WizLab   | Reached XP level 23. HP: 119/142 MP: 40/40
 53924 | Vaults:4 | Found a runed translucent door.
 53926 | Vaults:4 | Noticed skelma's ghost (adept DrIE)
 54344 | Vaults:4 | Reached skill level 18 in Earth Magic
 54896 | Vaults:5 | Entered Level 5 of the Vaults
 54896 | Vaults:5 | Noticed Mennas
 55029 | Depths:1 | Entered Level 1 of the Depths
 55489 | Depths:1 | Reached skill level 19 in Earth Magic
 55494 | D:15     | Reached XP level 24. HP: 147/149 MP: 40/40
 55723 | Depths:1 | Found a gateway to Hell.
 55800 | Depths:1 | Found Oreit's Demolitions Depot.
 55808 | Depths:1 | Bought a wand of clouds (8) for 432 gold pieces
 55969 | Depths:1 | Reached skill level 20 in Earth Magic
 56186 | Depths:1 | Noticed a juggernaut
 56935 | Depths:1 | Learned a level 9 spell: Shatter
 57176 | Vaults:5 | Reached skill level 21 in Earth Magic
 57573 | Vaults:5 | Reached skill level 22 in Earth Magic
 58029 | Crypt:1  | Entered Level 1 of the Crypt
 58085 | Crypt:1  | Noticed Xtahua
 58089 | Crypt:1  | Killed Xtahua
 58393 | Crypt:1  | Reached XP level 25. HP: 138/154 MP: 40/40
 58466 | Crypt:1  | Learned a level 9 spell: Fire Storm
 58621 | Crypt:1  | Reached skill level 23 in Earth Magic
 59389 | Crypt:2  | Paralysed by a vampire knight for 5 turns
 59731 | Crypt:2  | Found a runed translucent door.
 59953 | Crypt:2  | Noticed Util's ghost (veteran MiBe)
 59975 | Crypt:3  | Entered Level 3 of the Crypt
 59983 | Crypt:3  | Reached skill level 24 in Earth Magic
 59996 | Crypt:3  | Paralysed by a vampire knight for 6 turns
 60116 | Crypt:3  | Found the +18 shield of the Gong {rElec rN+ MR+ EV-5}
 60124 | Crypt:3  | Noticed an ancient lich
 60130 | Crypt:3  | Killed an ancient lich
 60156 | Crypt:3  | Identified the Catalogue of the Frostbite and Creation
 60276 | Crypt:3  | Found a staircase to the Tomb.
 60639 | Vaults:5 | Reached skill level 15 in Fighting
 60737 | Vaults:5 | Identified the amulet "Kotideh" {Reflect Str+4 SH+2}
 60738 | Vaults:5 | Killed Mennas
 60744 | Vaults:4 | Reached XP level 26. HP: 65/160 MP: 16/41
 61265 | Vaults:5 | Found Vaosm's Book Boutique.
 61748 | Vaults:5 | Got a silver rune of Zot
 61762 | Vaults:5 | Identified the Papyrus of Quantum Transformation
 61974 | Vaults:5 | Got a scintillating ruby amulet
 61975 | Vaults:5 | Identified the amulet "Zyefuoh" {RegenMP +Fly rPois Str-2
                  | Dex+3} (You found it on level 5 of the Vaults)
 62648 | Depths:1 | Killed a juggernaut
 63319 | Depths:2 | Paralysed by a vampire knight for 2 turns
 63674 | Depths:2 | Found a shattered altar of Ashenzari.
 64443 | Depths:3 | Reached XP level 27. HP: 157/168 MP: 37/41
 64474 | Depths:3 | Identified Cerebov's Handbook of Fire (You acquired it on
                  | level 3 of the Depths)
 64609 | Depths:3 | Reached skill level 15 in Maces & Flails
 64776 | Depths:3 | Reached skill level 15 in Spellcasting
 65562 | Depths:4 | Found Zeymoh's General Store.
 65573 | Depths:4 | Bought a scroll of identify for 26 gold pieces
 65573 | Depths:4 | Bought a scroll of identify for 26 gold pieces
 65573 | Depths:4 | Bought a potion of curing for 39 gold pieces
 65739 | Depths:4 | Identified the -1 pair of gloves of Valour {rElec rF+} (You
                  | acquired it on level 4 of the Depths)
 65873 | Depths:4 | Found Kanuc's General Store.
 65881 | Depths:4 | Bought a potion of curing for 48 gold pieces
 66019 | Depths:4 | Identified the cursed +0 ring mail of Mental Paralysis
                  | {rElec MP+9}
 66063 | Depths:4 | Found a snail-covered altar of Cheibriados.
 66138 | Depths:4 | Found Yninneim's Food Shop.
 66153 | Depths:4 | Found Pakoe's Magic Scroll Shoppe.
 66156 | Depths:4 | Bought a scroll of blinking for 142 gold pieces
 66156 | Depths:4 | Bought a scroll of teleportation for 57 gold pieces
 66156 | Depths:4 | Bought a scroll of magic mapping for 66 gold pieces
 66156 | Depths:4 | Bought a scroll of teleportation for 57 gold pieces
 66156 | Depths:4 | Bought a scroll of identify for 38 gold pieces
 66321 | Depths:4 | Found a one-way gate to the infinite horrors of the Abyss.
 66327 | Depths:4 | Found a gateway to a ziggurat.
 66336 | Depths:4 | Found Gaorozul's General Store.
 66591 | Depths:5 | Entered Level 5 of the Depths
 66607 | Depths:5 | Found Peimy's Jewellery Boutique.
 66608 | Depths:5 | Found Itabeuwk's Gadget Shoppe.
 66609 | Depths:5 | Found Gethuz Ugol's Jewellery Boutique.
 66666 | Depths:5 | Found Tobeamoa's Armour Boutique.
 67494 | Depths:5 | Found a gate to the Realm of Zot.
 68737 | Slime:1  | Entered Level 1 of the Pits of Slime
 69658 | Slime:5  | Entered Level 5 of the Pits of Slime
 69870 | Slime:5  | Noticed the Royal Jelly
 69876 | Slime:5  | Killed the Royal Jelly
 70092 | Slime:5  | Found the +5 robe of Night {Dark MR+ SInv}
 70095 | Slime:5  | Identified Bienkaf's Almanac of the Harmful Rocks
 70109 | Slime:5  | Identified Sif Muna's Guide on Assistive Bewitchment
 70136 | Slime:5  | Identified the Tome of Supportive Air (You acquired it on
                  | level 5 of the Pits of Slime)
 70147 | Slime:5  | Got a slimy rune of Zot
 70770 | Vaults:5 | Bought a Necronomicon for 2318 gold pieces
 70779 | Vaults:5 | Learned a level 8 spell: Necromutation
 70980 | Zig:1    | Entered Level 1 of a ziggurat
 70982 | Zig:1    | Gained mutation: You are weak. (Str -2) [a shining eye]
 71033 | Zig:2    | Entered Level 2 of a ziggurat
 71051 | Zig:2    | Reached skill level 1 in Transmutations
 71097 | Zig:3    | Entered Level 3 of a ziggurat
 71147 | Zig:4    | Entered Level 4 of a ziggurat
 71152 | Zig:4    | Reached skill level 1 in Necromancy
 71240 | Zig:4    | Identified the +2 robe of Impatience {Slay+5} (You found it
                  | on level 4 of a ziggurat)
 71246 | Zig:5    | Entered Level 5 of a ziggurat
 71272 | Zig:5    | Got a scintillating lead ring
 71273 | Zig:5    | Identified the ring of Gaminis {rF+ rCorr} (You found it on
                  | level 5 of a ziggurat)
 71311 | Zig:6    | Entered Level 6 of a ziggurat
 71323 | Zig:6    | Found the +6 arbalest "Damnation" {damnation}
 71340 | Zig:7    | Entered Level 7 of a ziggurat
 71420 | Zig:8    | Entered Level 8 of a ziggurat
 71474 | Zig:8    | Identified the +6 morningstar "Qiveqimuo" {protect, Str+3}
                  | (You found it on level 8 of a ziggurat)
 71479 | Zig:8    | Identified the Handbook of Unstable Feathers
 71491 | Zig:9    | Entered Level 9 of a ziggurat
 71499 | Zig:9    | Reached skill level 5 in Necromancy
 71573 | Zig:9    | Got a brightly glowing golden ring
 71574 | Zig:9    | Identified the ring "Rireantufof" {*Drain +Fly rElec rCorr
                  | Str+5} (You found it on level 9 of a ziggurat)
 71578 | Zig:9    | Identified the +5 dire flail of the Reaper {antimagic,
                  | rElec MR+ Str-2} (You found it on level 9 of a ziggurat)
 71581 | Zig:10   | Entered Level 10 of a ziggurat
 71646 | Zig:10   | Got a vibrating silver ring
 71647 | Zig:10   | Identified the ring of Ephemeral Luck {rF- MR++ Str+2} (You
                  | found it on level 10 of a ziggurat)
 71666 | Zig:11   | Entered Level 11 of a ziggurat
 71755 | Zig:11   | Identified the Disquisition on Lucky Flight
 71761 | Zig:11   | Identified Ronkah's Grimoire of Hurtful Malediction
 71784 | Zig:12   | Entered Level 12 of a ziggurat
 71797 | Zig:12   | Noticed Vemiat the pandemonium lord
 71802 | Zig:12   | Killed Vemiat the pandemonium lord
 71958 | Zig:12   | Identified the +0 pair of gloves of Disguise {rElec Str-2
                  | Slay+5 Stlth+} (You found it on level 12 of a ziggurat)
 71971 | Zig:13   | Entered Level 13 of a ziggurat
 71985 | Zig:13   | Reached skill level 5 in Transmutations
 72038 | Zig:13   | Identified the Incunabulum of Shape Shifting and the
                  | Volcanoes
 72051 | Zig:14   | Entered Level 14 of a ziggurat
 72064 | Zig:14   | Reached skill level 15 in Dodging
 72108 | Zig:14   | Found the +7 Singing Sword {vorpal, sonic wave}
 72220 | Zig:15   | Entered Level 15 of a ziggurat
 72231 | Zig:15   | Found the +3 robe of Clouds {+Thunder rCloud rElec}
 72232 | Zig:15   | Found the +8 longbow "Zephyr" {speed, Dex+3 SInv}
 72450 | Zig:15   | Got a faintly glowing wooden ring
 72451 | Zig:15   | Identified the ring of Kindness {rElec rF+++ EV+1 Str-2}
                  | (You found it on level 15 of a ziggurat)
 72463 | Zig:16   | Entered Level 16 of a ziggurat
 72490 | Zig:16   | Identified Sif Muna's Grimoire of the Shifting Voyage
 72540 | Zig:17   | Entered Level 17 of a ziggurat
 72550 | Zig:17   | Reached skill level 10 in Necromancy
 72648 | Zig:17   | Found the ring of the Octopus King
 72649 | Zig:17   | Found the +3 robe of Folly {Archmagi, MR-- Int+5}
 72691 | Zig:17   | Got a ring of the Octopus King
 72734 | Zig:17   | Got a transparent lead ring
 72737 | Zig:17   | Identified the ring "Wesaisal" {rElec EV+1} (You found it
                  | on level 17 of a ziggurat)
 72827 | Zig:18   | Entered Level 18 of a ziggurat
 73117 | Zig:18   | Got a warped brass amulet
 73118 | Zig:18   | Identified the amulet of the Albatross {Faith rPois Stlth+}
                  | (You found it on level 18 of a ziggurat)
 73123 | Zig:18   | Identified the Almanac of Moulding and Toxins
 73125 | Zig:18   | Identified the Catalogue of Earth and Summoning
 73133 | Zig:18   | Got a heavily runed ivory ring
 73134 | Zig:18   | Identified the ring of Dust {+Fly MP+9 Stlth+} (You found
                  | it on level 18 of a ziggurat)
 73137 | Zig:18   | Identified the Compendium of Calling and Necromancy
 73157 | Zig:18   | Got a pitted pewter amulet
 73158 | Zig:18   | Identified the amulet "Jeotuz Ahupp" {Faith +Inv rF+ rN+}
                  | (You found it on level 18 of a ziggurat)
 73162 | Zig:19   | Entered Level 19 of a ziggurat
 73170 | Zig:19   | Noticed a greater mummy
 73174 | Zig:19   | Noticed a greater mummy
 73175 | Zig:19   | Killed a greater mummy
 73176 | Zig:19   | Noticed a greater mummy
 73177 | Zig:19   | Killed a greater mummy
 73177 | Zig:19   | Killed a greater mummy
 73180 | Zig:19   | Noticed a greater mummy
 73183 | Zig:19   | Killed a greater mummy
 73183 | Zig:19   | Noticed a greater mummy
 73184 | Zig:19   | Killed a greater mummy
 73189 | Zig:19   | Noticed a greater mummy
 73193 | Zig:19   | Killed a greater mummy
 73193 | Zig:19   | Noticed a greater mummy
 73195 | Zig:19   | Noticed a greater mummy
 73196 | Zig:19   | Killed a greater mummy
 73196 | Zig:19   | Killed a greater mummy
 73619 | Zig:20   | Entered Level 20 of a ziggurat
 73630 | Zig:20   | Paralysed by accursed screaming for 2 turns
 73774 | Zig:20   | Got a brightly glowing steel ring
 73775 | Zig:20   | Identified the ring of Degruo {rF- rN+ EV+3 Dex+2 Stlth+}
                  | (You found it on level 20 of a ziggurat)
 73786 | Zig:21   | Entered Level 21 of a ziggurat
 73792 | Zig:21   | Noticed a greater mummy
 73793 | Zig:21   | Noticed a greater mummy
 73799 | Zig:21   | Killed a greater mummy
 73799 | Zig:21   | Noticed a greater mummy
 73802 | Zig:21   | Killed a greater mummy
 73804 | Zig:21   | Killed a greater mummy
 73804 | Zig:21   | Noticed a greater mummy
 73805 | Zig:21   | Noticed a greater mummy
 73806 | Zig:21   | Noticed a greater mummy
 73809 | Zig:21   | Killed a greater mummy
 73810 | Zig:21   | Killed a greater mummy
 73812 | Zig:21   | Noticed a greater mummy
 73812 | Zig:21   | Killed a greater mummy
 73813 | Zig:21   | Noticed a greater mummy
 73814 | Zig:21   | Noticed a greater mummy
 73816 | Zig:22   | Entered Level 22 of a ziggurat
 73839 | Zig:22   | Noticed a greater mummy
 73840 | Zig:22   | Noticed a greater mummy
 73841 | Zig:22   | Noticed a greater mummy
 73842 | Zig:22   | Noticed a greater mummy
 73842 | Zig:22   | Noticed a greater mummy
 73842 | Zig:22   | Noticed a greater mummy
 73842 | Zig:22   | Noticed a greater mummy
 73843 | Zig:22   | Noticed a greater mummy
 73844 | Zig:22   | Noticed a greater mummy
 73847 | Zig:23   | Entered Level 23 of a ziggurat
 73856 | Zig:23   | Noticed a juggernaut
 73858 | Zig:23   | Noticed a juggernaut
 73860 | Zig:23   | Noticed a juggernaut
 73862 | Zig:23   | Noticed a juggernaut
 73862 | Zig:23   | Noticed a juggernaut
 73863 | Zig:23   | Killed a juggernaut
 73864 | Zig:23   | Noticed a juggernaut
 73865 | Zig:23   | Killed a juggernaut
 73865 | Zig:23   | Noticed a juggernaut
 73865 | Zig:23   | Noticed a juggernaut
 73866 | Zig:23   | Killed a juggernaut
 73866 | Zig:23   | Killed a juggernaut
 73866 | Zig:23   | Noticed a juggernaut
 73867 | Zig:23   | Killed a juggernaut
 73867 | Zig:23   | Killed a juggernaut
 73867 | Zig:23   | Killed a juggernaut
 73869 | Zig:23   | Killed a juggernaut
 73870 | Zig:23   | Noticed a juggernaut
 73871 | Zig:23   | Killed a juggernaut
 73874 | Zig:23   | Killed a juggernaut
 74051 | Zig:23   | Found the ring of Phasing {EV+8}
 74091 | Zig:23   | Identified the -3 helmet "Voker" {rC+ rN+ rCorr Stlth+}
                  | (You found it on level 23 of a ziggurat)
 74095 | Zig:23   | Identified the Disquisition on Creative Flames
 74100 | Zig:24   | Entered Level 24 of a ziggurat
 74131 | Zig:24   | Reached skill level 15 in Necromancy
 74280 | Zig:24   | Identified the Collected Works on Execration and Aid
 74307 | Zig:24   | Got a twitching golden ring
 74308 | Zig:24   | Identified the ring of the Death Scarab {Ice rPois rN+
                  | Str+4 Int+4} (You found it on level 24 of a ziggurat)
 74318 | Zig:25   | Entered Level 25 of a ziggurat
 74329 | Zig:25   | Identified the +1 tower shield "Tyozidah" {rN++ Str-2
                  | Int+4}
 74383 | Zig:25   | Found the +7 sceptre of Torment {pain, torment}
 74493 | Zig:25   | Identified the +2 robe "Bamypn" {rF+ rN+ Dex+3} (You found
                  | it on level 25 of a ziggurat)
 74494 | Zig:25   | Identified the Handbook of Summoning and Transformation
 74594 | Zig:26   | Entered Level 26 of a ziggurat
 74611 | Zig:26   | Killed from afar by an iron giant

Levels and vault maps discovered:
D:1:      enne_arrival_octagon_isle, layout_basic, chequers_hall_statues_wall_a
D:2:      wad_pebble_path, layout_basic, nicolae_overflow_hidden_temple,
          marbit_many_paths, grunt_dithmenos_smoke, uniq_natasha
D:3:      layout_rooms
D:4:      layout_basic, first_ration, uniq_eustachio
D:5:      layout_loops_cross, grunt_temple_overflow_champion_of_chaos,
          minmay_temple_entry_drinking_statues, uniq_duvessa, uniq_edmund,
          uniq_ijyb
D:6:      minmay_angry_zag, layout_cave_pools, gammafunk_temple_overflow_claw,
          basic_altar, uniq_pikel
D:7:      layout_cave_pods, grunt_livestock
D:8:      hangedman_cross_veins, layout_loops_ring,
          lemuel_mausoleum_altar_yredelemnul, dpeg_lair_monsters, basic_altar,
          minivault_24, uniq_maggie
D:9:      layout_loops_ring, basic_altar, serial_shops, kennysheep_mini_moat
D:10:     layout_small_grid, lemuel_altar_in_water
D:11:     layout_basic, minmay_mirror_moons_of_madness, uniq_josephine
D:12:     layout_gridville, orc_0_dummy
D:13:     layout_long_grid, serial_shops, shop_statue, lemuel_flame_loot_1,
          uniq_sonja
D:14:     layout_cave_pools, lightli_vaults_fourway_checkpoint,
          nicolae_benzene_ring
D:15:     gammafunk_depths_entry_grave, layout_cave_pods
Temple:   dpeg_chambers_temple
Lair:1:   layout_cave_pods
Lair:2:   layout_roguey [special_room_bee], skrybe_swamp_entry_bodies,
          uniq_gastronok, uniq_erica
Lair:3:   layout_misc_corridors, beast_lair_carwin_7, minmay_lair_oklob_chamber,
          uniq_nergalle
Lair:4:   layout_regular_city, spider_nest_entry_webs, nzn_random_ring
Lair:5:   layout_cave_pods, minmay_slime_entry_pillars
Lair:6:   hangedman_lair_tendril_chambers, layout_regular_city,
          guppyfry_lair_end_dragon
Swamp:1:  layout_basic_swamp, basic_altar, swamp_pool1, uniq_louise
Swamp:2:  cheibrodos_swamp_mausoleum, layout_basic_swamp,
          nicolae_swamp_very_dense_foliage
Swamp:3:  layout_basic_swamp, nicolae_swamp_dense_foliage
Swamp:4:  swamp_alternative, layout_basic_swamp, infiniplex_staircase_pool
Spider:1: layout_spider_delve, minivault_29
Spider:2: layout_spider_delve
Spider:3: layout_spider_delve, uniq_roxanne
Spider:4: floodkiller_spider_rune_tomb, portal_ice_cave_entry_ice_statue_two,
          uniq_mara
Slime:1:  layout_caves
Slime:2:  layout_caves
Slime:3:  layout_caves
Slime:4:  layout_caves
Slime:5
Orc:1:    layout_diamond_mine, enter_volcano_2, uniq_harold, uniq_jorgrun
Orc:2:    pf_orc_diabolical, layout_caves, uniq_snorg
Elf:1:    minmay_elf_arrival_circle, layout_loops_ring, serial_shops,
          nicolae_shop_waterfront, hangedman_elf_represent
Elf:2:    layout_geoelf_grid, trove_entry_hex_spiral, serial_shops, shop,
          wad_floor_pattern_untrapped, elves_outpost_lemuel
Elf:3:    minmay_elf_hall_quartered_circle, layout_onion_city, basic_altar
Vaults:1: v_pattern_5, nicolae_vaults_network_periphery, hangedman_vaults_nails,
          grunt_vaults_diagonal, nicolae_vaults_little_squares_6,
          layout_vaults_omnigrid, serial_shops, bzr_entry_gold
Vaults:2: vaults_room_glass_cross, v_misc_19, nicolae_vaults_little_squares_1,
          minmay_crypt_entry_simple_statues, grunt_vaults_bifocal,
          vaults_dpeg_ring, v_misc_15, ontoclasm_vaults_twist, v_rooms_5,
          hangedman_vaults_stitches, grunt_vaults_hallway_short, v_misc_26,
          v_misc_16, layout_vaults_maze_bifur
Vaults:3: v_misc_28, v_misc_17, v_rooms_6, nicolae_vaults_quadrants,
          vaults_standard_mumra_x, ontoclasm_vaults_ring_small,
          ontoclasm_vaults_claustrophobia, nicolae_vaults_ring_of_whatevers,
          hangedman_vaults_nodes, vaults_room_grid, vaults_room_hallway,
          layout_vaults_omnicross
Vaults:4: ebering_vaults_ghost_reflecting_pool, nicolae_vaults_three_branches,
          ontoclasm_vaults_bender, ontoclasm_vaults_ligature,
          nicolae_vaults_puzzle_piece, ontoclasm_vaults_decontamination,
          st_squares, v_pattern_1, vaults_dpeg_hooks, vaults_dpeg_cross,
          ontoclasm_vaults_ring_square, nicolae_vaults_windows_and_doors_thing,
          v_misc_8, layout_vaults_ring, infiniplex_enter_wizlab_glasses
Vaults:5: uniq_mennas
Crypt:1:  layout_basic, uniq_xtahua
Crypt:2:  layout_misc_corridors, ebering_ghost_reflecting_pool, feat_on_display
Crypt:3:  david_glass_crypt, layout_rooms, hex_intersection
Depths:1: evilmike_inaccessible_box, layout_gridlike, hangedman_coc_ice_floe,
          abandoned_shop, nicolae_blasting_shop, roderic_serpentine_path,
          serial_bayou_lake_a
Depths:2: minmay_diamond_stairs, layout_basic, ashenzari_altar_1, hell_entry,
          pan_entry
Depths:3: hangedman_crystal_crosses_colossus [crystal_crosses_arms_four,
          crystal_crosses_arms_two, crystal_crosses_arms_one,
          crystal_crosses_arms_one], hell_entry, pan_entry
Depths:4: pf_snail_temple, layout_cave_shapes, enter_ziggurat_d,
          grunt_hell_horde, abyss_entry, serial_shops, shop, shop,
          nicolae_shop_stone, shop, nicolae_shop_temple_entry_statues_fountains,
          minmay_staircase_windowed_small
Depths:5: grunt_zot_entry_alcove, layout_cave_pools, serial_shops, shop,
          grunt_decor_cap, hell_entry, drop_trap, minmay_shop_grove
Zig:26:   ziggurat_pillar_abc, ziggurat_pillar_abc, ziggurat_pillar_abc,
          ziggurat_pillar_abc

Skill      XL: |  1  2  3  4  5  6  7  8  9 10 11 12 13 14 15 16 17 18 19 20 21 22 23 24 25 26 27 |
---------------+----------------------------------------------------------------------------------+-----
Earth Magic    | 4 5 6 7 8 9 10 11 12 13 14 15 16 17 19 22 24 | 24.0
Conjurations   | 1 2 3 5 6 7 8 9 10 11 12 13 14 15 16 20 | 20.0
Spellcasting   | 3 4 5 6 7 8 9 10 11 12 13 14 19 | 19.5
Fighting       | 3 4 5 6 7 8 9 10 11 12 13 14 15 16 21 | 21.6
Maces & Flails | 2 3 4 6 7 8 9 10 11 12 13 14 16 | 16.0
Armour         | 3 4 5 6 |  6.0
Evocations     | 2 3 4 5 6 |  6.0
Dodging        | 2 3 4 5 6 7 8 9 10 11 12 15 | 15.0
Fire Magic     | 3 5 7 9 10 12 13 15 16 17 18 19 20 22 | 22.0
Unarmed Combat | 2 |  2.0
Transmutations | 8 |  8.0
Necromancy     | 19 | 19.2
Stealth        | |  2.1

Action                   |  1- 3 |  4- 6 |  7- 9 | 10-12 | 13-15 | 16-18 | 19-21 | 22-24 | 25-27 || total
-------------------------+-------+-------+-------+-------+-------+-------+-------+-------+-------++-------
Melee: Unarmed           |     3 |       |       |       |       |       |       |       |       ||     3
       Club              |    20 |       |       |       |       |       |       |       |       ||    20
       Short sword       |    87 |       |       |       |       |       |       |       |       ||    87
       Dagger            |     3 |    70 |   277 |   378 |   151 |       |       |       |       ||   879
       Whip              |       |       |       |       |   916 |   257 |       |       |       ||  1173
       Eveningstar       |       |       |       |       |       |   527 |   472 |   285 |   102 ||  1386
       Demon whip        |       |       |       |       |       |       |   167 |    53 |   345 ||   565
       Punch             |       |       |       |       |       |       |     4 |     4 |       ||     8
Throw: Throwing net      |       |       |       |       |       |       |     1 |     1 |       ||     2
 Cast: Sandblast         |    29 |    17 |    84 |    86 |   172 |   152 |    42 |     1 |    10 ||   593
       Stone Arrow       |     2 |     3 |    12 |    25 |     6 |     6 |     1 |       |       ||    55
       Lee's Rapid Decon |       |       |     5 |    64 |    50 |    86 |    70 |    23 |    37 ||   335
       Bolt of Magma     |       |       |       |     1 |       |       |       |       |       ||     1
       Iron Shot         |       |       |       |    10 |   142 |   149 |   198 |   127 |   162 ||   788
       Fireball          |       |       |       |       |    64 |   104 |    32 |       |       ||   200
       Mephitic Cloud    |       |       |       |       |     3 |       |       |       |       ||     3
       Starburst         |       |       |       |       |       |     8 |     1 |       |     3 ||    12
       Ignition          |       |       |       |       |       |    28 |    70 |    38 |    98 ||   234
       Shatter           |       |       |       |       |       |       |       |    13 |   225 ||   238
       Fire Storm        |       |       |       |       |       |       |       |       |    85 ||    85
 Abil: Fly               |       |       |       |       |     2 |       |       |       |       ||     2
       Stop Flying       |       |       |       |       |     1 |       |       |       |     1 ||     2
Evoke: Wand              |       |     1 |     5 |    23 |    13 |     8 |     1 |     1 |     1 ||    53
       Phial of floods   |       |       |       |       |       |     2 |     2 |       |       ||     4
       Lamp of fire      |       |       |       |       |       |     1 |     1 |       |       ||     2
  Use: Scroll            |     5 |     1 |     7 |    15 |    15 |    16 |    23 |     1 |    59 ||   142
       Potion            |     3 |     3 |     2 |     5 |     2 |     3 |     4 |    10 |    31 ||    63
 Stab: Sleeping          |     2 |     2 |     3 |     5 |     9 |     1 |     3 |     1 |       ||    26
       Distracted        |       |       |       |       |     1 |       |     1 |       |       ||     2
       Held in net/web   |       |       |       |       |       |       |     2 |       |       ||     2
  Eat: Chunk             |     3 |     5 |     9 |    22 |    93 |   109 |   104 |    59 |   142 ||   546
       Ration            |       |       |     1 |     6 |     6 |     6 |     8 |       |    33 ||    60
Armor: Robe              |    40 |    51 |   136 |    20 |     3 |    20 |       |       |       ||   270
       Steam dragon scal |       |       |       |   215 |   544 |   563 |   532 |   197 |   592 ||  2643
Dodge: Dodged            |   103 |   103 |   163 |   368 |   942 |  1131 |   709 |   330 |   655 ||  4504

Table legend:
 A = Non-vault XP
 B = Vault XP
 C = Vault XP percentage of total XP
 D = Non-vault monster count
 E = Vault monster count
 F = Vault count percentage of total count
                 A         B        C        D         E       F
            +---------+---------+-------+---------+---------+-------
      Total | 1538824 |  719605 |  31.9 |    2369 |     960 |  28.8
            +---------+---------+-------+---------+---------+-------
        D:1 |      45 |       0 |   0.0 |      26 |       0 |   0.0
        D:2 |     118 |      37 |  23.9 |      20 |       2 |   9.1
        D:3 |      39 |       0 |   0.0 |      13 |       0 |   0.0
        D:4 |     600 |     202 |  25.2 |      14 |       1 |   6.7
        D:5 |     821 |     448 |  35.3 |      18 |       5 |  21.7
        D:6 |     942 |     752 |  44.4 |      13 |       3 |  18.8
        D:7 |    1546 |    1860 |  54.6 |      31 |       6 |  16.2
        D:8 |     789 |    9085 |  92.0 |      12 |      34 |  73.9
        D:9 |    1370 |       0 |   0.0 |      23 |       0 |   0.0
       D:10 |     503 |       0 |   0.0 |      14 |       0 |   0.0
       D:11 |    4561 |    3443 |  43.0 |      45 |      11 |  19.6
       D:12 |    8220 |       0 |   0.0 |      38 |       0 |   0.0
       D:13 |    4566 |    1039 |  18.5 |      22 |       2 |   8.3
       D:14 |   10853 |    5162 |  32.2 |      44 |      11 |  20.0
       D:15 |   18664 |    4547 |  19.6 |      43 |       8 |  15.7
     Lair:1 |    2786 |       0 |   0.0 |      10 |       0 |   0.0
     Lair:2 |    4684 |    5374 |  53.4 |      24 |      28 |  53.8
     Lair:3 |    4488 |    4963 |  52.5 |      24 |      15 |  38.5
     Lair:4 |    3609 |    4426 |  55.1 |      13 |      13 |  50.0
     Lair:5 |    8791 |     693 |   7.3 |      30 |       6 |  16.7
     Lair:6 |   13296 |   15654 |  54.1 |      48 |      52 |  52.0
    Swamp:1 |    9981 |    1310 |  11.6 |      26 |       1 |   3.7
    Swamp:2 |   21359 |   11259 |  34.5 |      41 |      36 |  46.8
    Swamp:3 |   12658 |       0 |   0.0 |      24 |       0 |   0.0
    Swamp:4 |   18430 |   18579 |  50.2 |      33 |      29 |  46.8
   Spider:1 |    7850 |    8194 |  51.1 |      24 |      45 |  65.2
   Spider:2 |   20435 |       0 |   0.0 |      58 |       0 |   0.0
   Spider:3 |   16205 |    1845 |  10.2 |      46 |       1 |   2.1
   Spider:4 |   22440 |   45865 |  67.1 |      62 |      73 |  54.1
    Slime:1 |   10285 |       0 |   0.0 |       9 |       0 |   0.0
    Slime:2 |   16020 |       0 |   0.0 |      12 |       0 |   0.0
    Slime:3 |    7497 |       0 |   0.0 |      11 |       0 |   0.0
    Slime:4 |   27298 |       0 |   0.0 |      51 |       0 |   0.0
    Slime:5 |   20865 |   33476 |  61.6 |      31 |      14 |  31.1
      Orc:1 |    2093 |    3944 |  65.3 |      37 |       2 |   5.1
      Orc:2 |    2928 |   18550 |  86.4 |      43 |      67 |  60.9
      Elf:1 |   18972 |    7007 |  27.0 |      30 |      11 |  26.8
      Elf:2 |   15860 |    5749 |  26.6 |      26 |      10 |  27.8
      Elf:3 |   21325 |   43267 |  67.0 |      43 |      30 |  41.1
   Vaults:1 |   14098 |    9898 |  41.2 |      25 |      17 |  40.5
   Vaults:2 |   12491 |   14698 |  54.1 |      23 |      24 |  51.1
   Vaults:3 |   26356 |   25818 |  49.5 |      53 |      34 |  39.1
   Vaults:4 |   36395 |   43001 |  54.2 |      57 |      42 |  42.4
   Vaults:5 |   44331 |  121062 |  73.2 |      45 |      88 |  66.2
    Crypt:1 |   18844 |    4797 |  20.3 |      29 |       1 |   3.3
    Crypt:2 |   28405 |       0 |   0.0 |      36 |       0 |   0.0
    Crypt:3 |   27390 |   29157 |  51.6 |      38 |      15 |  28.3
   Depths:1 |   58565 |   41473 |  41.5 |      78 |      33 |  29.7
   Depths:2 |   25054 |   14475 |  36.6 |      30 |       8 |  21.1
   Depths:3 |    2001 |   73780 |  97.4 |       1 |      54 |  98.2
   Depths:4 |   48033 |   45355 |  48.6 |      46 |      52 |  53.1
   Depths:5 |   17985 |   21788 |  54.8 |      22 |      14 |  38.9
      Zig:1 |     842 |       0 |   0.0 |       2 |       0 |   0.0
      Zig:2 |    2962 |       0 |   0.0 |       2 |       0 |   0.0
      Zig:3 |    2790 |       0 |   0.0 |       4 |       0 |   0.0
      Zig:4 |    5697 |       0 |   0.0 |       4 |       0 |   0.0
      Zig:5 |    7276 |       0 |   0.0 |       9 |       0 |   0.0
      Zig:6 |    6973 |       0 |   0.0 |      10 |       0 |   0.0
      Zig:7 |    7839 |       0 |   0.0 |      15 |       0 |   0.0
      Zig:8 |   13903 |       0 |   0.0 |      10 |       0 |   0.0
      Zig:9 |    9472 |       0 |   0.0 |      18 |       0 |   0.0
     Zig:10 |   14388 |       0 |   0.0 |      21 |       0 |   0.0
     Zig:11 |   21075 |       0 |   0.0 |      16 |       0 |   0.0
     Zig:12 |   32834 |       0 |   0.0 |      19 |       0 |   0.0
     Zig:13 |   26608 |    2791 |   9.5 |      24 |       4 |  14.3
     Zig:14 |   34239 |       0 |   0.0 |      24 |       0 |   0.0
     Zig:15 |   25506 |       0 |   0.0 |      33 |       0 |   0.0
     Zig:16 |   33928 |       0 |   0.0 |      52 |       0 |   0.0
     Zig:17 |   27584 |       0 |   0.0 |      35 |       0 |   0.0
     Zig:18 |   37350 |       0 |   0.0 |      55 |       0 |   0.0
     Zig:19 |   63283 |       0 |   0.0 |      63 |       0 |   0.0
     Zig:20 |   52445 |       0 |   0.0 |      60 |       0 |   0.0
     Zig:21 |   50135 |       0 |   0.0 |      41 |       0 |   0.0
     Zig:23 |  110974 |       0 |   0.0 |      65 |       0 |   0.0
     Zig:24 |   79528 |       0 |   0.0 |      74 |       0 |   0.0
     Zig:25 |  106108 |       0 |   0.0 |      59 |       0 |   0.0
     Zig:26 |   41345 |       0 |   0.0 |      39 |       0 |   0.0
      IceCv |       0 |   10194 | 100.0 |       0 |      49 | 100.0
    Volcano |       0 |    3371 | 100.0 |       0 |       8 | 100.0
     WizLab |       0 |    1217 | 100.0 |       0 |       1 | 100.0
            +---------+---------+-------+---------+---------+-------
